 Dungeon Crawl Stone Soup version 0.17.1-2-g5865329 (webtiles) character file.

854 seren the Digger (level 8, -7/43 HPs)
             Began as a Gargoyle Earth Elementalist on Feb 13, 2016.
             Was an Initiate of Vehumet.
             Mangled by a red ugly thing (21 damage)
             ... on level 6 of the Dungeon on Feb 14, 2016.
             The game lasted 01:04:42 (7383 turns).

seren the Digger (Gargoyle Earth Elementalist)      Turns: 7383, Time: 01:04:43

Health: -7/43      AC: 15    Str: 13    XL:     8   Next: 1%
Magic:  2/16       EV:  7    Int: 21    God:    Vehumet [......]
Gold:   316        SH:  0    Dex: 10    Spells: 3 memorised, 12 levels left

rFire  . . .     SeeInvis .     C - +0 quarterstaff
rCold  . . .     Clarity  +     a - +1 robe
rNeg   + . .     SustAt   .     (shield currently unavailable)
rPois  ∞         Gourm    .     f - +1 helmet
rElec  +         Spirit   .     (no cloak)
rCorr  .         Warding  .     u - +1 pair of gloves
rMut   .         Stasis   .     (no boots)
MR     .....                    j - amulet of clarity
Stlth  ++........               (no ring)
                                l - +4 ring of intelligence

@: stone skin, very slightly contaminated, not resistant to hostile
enchantments, unstealthy
A: negative energy resistance 1, electricity resistance, unbreathing,
petrification resistance, rot immunity, AC +5
a: Renounce Religion


You were on level 6 of the Dungeon.
You worshipped Vehumet.
Vehumet was noncommittal.
You were not hungry.

You visited 2 branches of the dungeon, and saw 8 of its levels.

You collected 398 gold pieces.
You spent 82 gold pieces at shops.

Inventory:

Hand Weapons
 k - a +0 mace
 q - a +0 flail
 C - a +0 quarterstaff (weapon)
Missiles
 b - 71 stones (quivered)
 D - 67 arrows
Armour
 a - a +1 robe (worn)
 f - a +1 helmet (worn)
 u - a +1 pair of gloves (worn)
Magical Staves
 A - an uncursed staff of cold
Jewellery
 j - an amulet of clarity (around neck)
 l - a +4 ring of intelligence (left hand)
 F - an uncursed amulet of resist mutation
 I - an uncursed ring of ice
 L - an uncursed ring of ice
Wands
 t - a wand of polymorph (14)
 v - a wand of flame (26)
Scrolls
 e - a scroll of recharging
 m - a scroll of blinking
 o - 3 scrolls of identify
 y - 3 scrolls of remove curse
 B - a scroll of immolation
 G - a scroll of teleportation {unknown}
 M - a scroll of torment
 N - a scroll of amnesia {unknown}
Potions
 g - a potion of might {unknown}
 h - a potion of cure mutation {unknown}
 i - a potion of cancellation {unknown}
 n - 3 potions of lignification
 p - 2 potions of haste {unknown}
 r - 4 potions of curing
 w - a potion of berserk rage {unknown}
 x - a potion of heal wounds {unknown}
 z - a potion of brilliance {unknown}
 E - a potion of ambrosia {unknown}
 H - a potion of flight {unknown}
 K - a potion of poison {unknown}
Books
 c - a book of Geomancy

   Spells                             Type                      Level
   a - Sandblast                      Earth                        1
   b - Stoneskin                      Transmutation/Earth          2
   c - Passwall                       Transmutation/Earth          3
   d - Stone Arrow                    Conjuration/Earth            3
   e - Petrify                        Transmutation/Earth          4
   f - Lee's Rapid Deconstruction     Earth                        5
Comestibles
 d - 4 bread rations
 s - a meat ration
 J - 4 fruits
 O - a beef jerky


   Skills:
 + Level 1.5 Fighting
 + Level 1.1 Staves
 + Level 2.1 Dodging
 - Level 2.1 Stealth
 * Level 5.8 Spellcasting
 + Level 3.7 Conjurations
 - Level 0.7 Transmutations
 + Level 6.1 Earth Magic


You had 12 spell levels left.
You knew the following spells:

 Your Spells              Type           Power        Failure   Level  Hunger
a - Sandblast             Erth           ####..       1%          1    None
b - Stoneskin             Trmt/Erth      ###.....     4%          2    None
c - Stone Arrow           Conj/Erth      ####..       4%          3    ##.....


Dungeon Overview and Level Annotations

Branches:
Dungeon (7/15)             Temple (1/1) D:6

Altars:
Cheibriados
Dithmenos
Elyvilon
Fedhas
Gozag
Makhleb
Nemelex Xobeh
Ru
Sif Muna
Trog
Vehumet
Xom
Yredelemnul
Zin
The Shining One

Shops:
D:5 ?

Annotations:
D:2 exclusion: downstairs
D:3 !hippogrif
D:5 1 exclusion, Grinder; emiel's ghost, amateur MfWn


Innate Abilities, Weirdness & Mutations

You are resistant to torment.
Your stone body is resilient (AC +5).
You are immune to poison.
You resist negative energy.
You are resistant to electric shocks.
You can survive without breathing.
You are immune to petrification.
You are immune to rotting.


Message History

The stone arrow hits the purple ugly thing.
The purple ugly thing is lightly wounded.
The purple ugly thing basks in your mutagenic energy and changes!
Casting: Stone Arrow
Confirm with . or Enter, or press ? or * to list all spells.
Aiming: Stone Arrow
Press: ? - help, Shift-Dir - straight line, f/p - red ugly thing
Aim: a red ugly thing (lightly wounded)
You miscast Stone Arrow.
You smell something strange.
Casting: Stone Arrow
Confirm with . or Enter, or press ? or * to list all spells.
Aiming: Stone Arrow
Press: ? - help, Shift-Dir - straight line, f/p - red ugly thing
Aim: a red ugly thing (lightly wounded)
The stone arrow hits the red ugly thing.
The red ugly thing is moderately wounded.
The red ugly thing engulfs you.
You are engulfed in flames!!
There is a stone staircase leading up here.
The red ugly thing engulfs you!
You are engulfed in flames!!
You die...

###.......## #......###.#
#.####### #..........#
##.## #..#....#### ##...###
###.......#
##......#####.........#
...........#..........# ###
.......##.............# #.#
......## ##.....u.....# #.#
##....# ##....@....####.#
#....# #..............#.#
##...# #...........#####.#
#...# #....(....### ###
#...## #.........# ##.#
#....# #........## ##.##
#....####........## ###.##
##.................####..##
##...............#...#...##


You could see a red ugly thing.

Vanquished Creatures
  A water moccasin (D:6)
  A centaur (D:5)
  A giant frog (D:5)
  A crimson imp (D:5)
  4 hounds
  An orc priest (D:4)
  Ijyb (D:2)
  4 worker ants
  An orc wizard (D:5)
  2 hound skeletons
  4 adders
  12 gnolls
  An ooze (D:1)
  2 worms (D:3)
  A giant gecko (D:4)
  11 orcs
  7 giant cockroaches
  5 goblins
  10 hobgoblins
  11 jackals
  6 kobolds
  A ball python (D:4)
  5 bats
  A giant gecko skeleton (D:5)
  6 giant newts
  2 quokkas
  12 rats
114 creatures vanquished.

Notes
Turn   | Place    | Note
--------------------------------------------------------------
     0 | D:1      | seren the Gargoyle Earth Elementalist began the quest for the Orb.
     0 | D:1      | Reached XP level 1. HP: 10/10 MP: 3/3
   199 | D:2      | Found a faded altar to an unknown god.
   286 | D:1      | Reached skill level 4 in Earth Magic
   316 | D:1      | Reached XP level 2. HP: 12/15 MP: 0/5
  1142 | D:1      | Reached XP level 3. HP: 16/19 MP: 0/6
  1200 | D:1      | Learned a level 2 spell: Stoneskin
  1204 | D:1      | Learned a level 3 spell: Stone Arrow
  1597 | D:2      | Noticed Ijyb
  1834 | D:2      | Reached XP level 4. HP: 24/24 MP: 1/8
  2117 | D:2      | Reached skill level 1 in Conjurations
  2117 | D:2      | Reached XP level 5. HP: 23/28 MP: 3/10
  2296 | D:2      | Found a shimmering altar of Xom.
  2511 | D:2      | Killed Ijyb
  2511 | D:2      | Reached skill level 5 in Earth Magic
  3522 | D:3      | Found a blossoming altar of Fedhas.
  3590 | D:3      | Reached XP level 6. HP: 27/32 MP: 9/12
  3639 | D:3      | Found a bloodstained altar of Trog.
  3889 | D:3      | Noticed a hippogriff
  4278 | D:5      | Entered Level 5 of the Dungeon
  4557 | D:5      | Noticed emiel's ghost (amateur MfWn)
  4822 | D:4      | Reached skill level 5 in Spellcasting
  4868 | D:4      | Found a basalt altar of Yredelemnul.
  5062 | D:4      | Reached XP level 7. HP: 24/36 MP: 8/14
  5190 | D:4      | Found a radiant altar of Vehumet.
  5983 | D:5      | Found a glowing golden altar of the Shining One.
  6056 | D:5      | Found Piogefeo's Magic Scroll Boutique.
  6071 | D:5      | Bought a scroll of torment for 82 gold pieces
  6085 | D:5      | Noticed Grinder
  6131 | D:5      | Found a burning altar of Makhleb.
  6131 | D:5      | Found a glowing silver altar of Zin.
  6132 | D:5      | Noticed an angel
  6132 | D:5      | Noticed a green death
  6154 | D:5      | Found a snail-covered altar of Cheibriados.
  6513 | D:4      | Became a worshipper of Vehumet
  6552 | D:5      | Reached skill level 1 in Fighting
  6766 | D:6      | Reached skill level 1 in Staves
  6766 | D:6      | Reached skill level 6 in Earth Magic
  6766 | D:6      | Reached XP level 8. HP: 22/43 MP: 6/16
  7115 | D:6      | Found a staircase to the Ecumenical Temple.
  7120 | Temple   | Entered the Ecumenical Temple
  7329 | D:7      | Found a sparkling altar of Nemelex Xobeh.
  7360 | D:6      | Noticed a green ugly thing
  7383 | D:6      | Mangled by a red ugly thing

Action                   |  1- 3 |  4- 6 |  7- 9 || total
-------------------------+-------+-------+-------++-------
Melee: Unarmed           |     9 |       |       ||     9
       Club              |     4 |       |       ||     4
       Mace              |    24 |    30 |       ||    54
       Quarterstaff      |       |     5 |    18 ||    23
 Cast: Sandblast         |    62 |   147 |    38 ||   247
       Stoneskin         |       |     2 |     8 ||    10
       Stone Arrow       |       |       |    12 ||    12
Evoke: Wand              |       |       |     1 ||     1
  Use: Scroll            |       |    10 |     2 ||    12
 Stab: Sleeping          |       |     1 |       ||     1
  Eat: Chunk             |     3 |    10 |     5 ||    18
       Pizza             |       |       |     1 ||     1
       Fruit             |       |       |     1 ||     1
